Cogmind - Beta 15 @@@ ROGUE MODE // 2025.07.06 @ 21:15:17 Player: Btuck Result: Destroyed by L-41 Fighter with Axe Performance ------------- Evolutions (5) 2500 Regions Visited (8) 1600 Robots Destroyed (105) 525 Value Destroyed (3792) 3792 Prototype IDs (19) 380 Alien Tech Used (0) 0 Bonus (2128) 2128 TOTAL SCORE: 10925 Bonus ------- High Alert Combat Kills 686 Follower Combat Kills 1356 Registered with UFD 300 Friendly Fire -214 Cogmind --------- Core Integrity 0/1000 Matter 98/300 Energy 100/100 System Corruption 8% Temperature Cool (9) Movement Walking (260) Ox2 Location -5/Extension Parts ------- > --- POWER (2) -------- (None) > --- PROPULSION (6) --- Carbon-fiber Leg > --- UTILITY (6) ------ Advanced Heat Sink High-capacity Storage Unit Enhanced Optical Array Improved Target Analyzer > --- WEAPON (3) ------- Heavy Laser > --- INVENTORY (20) --- Fission Core Experimental Heat Sink Triangulator Advanced System Shield Shock Maul Katana Scythe Axe Ripper Ripper DRS Beacon (Expended) DRS Beacon (Ready) Peak State ------------ > --- POWER ------------ Light Angular Momentum Engine Fission Core > --- PROPULSION ------- Carbon-fiber Leg Carbon-fiber Leg Carbon-fiber Leg Flexi-carbon Leg Flexi-carbon Leg Flexi-carbon Leg > --- UTILITY ---------- Advanced Heat Sink Experimental Heat Sink High-capacity Storage Unit Enhanced Optical Array Advanced Sensor Array Improved Component Analysis Suite > --- WEAPON ----------- KE Penetrator KE Penetrator Bore Cannon > --- INVENTORY -------- Fission Core Triangulator Advanced System Shield Smartbomb Launcher Shock Maul Katana Scythe Axe Ripper Ripper DRS Beacon DRS Beacon [Rating: 86] Favorites ----------- Power Ion Engine Engine Ion Engine Power Core Fission Core Propulsion Combat Gravmag System Treads Light Treads Leg Cargo Legs Hover Unit Combat Gravmag System Utility High-capacity Storage Unit Device Improved Sensor Array Storage High-capacity Storage Unit Processor Improved Signal Interpreter Protection Makeshift Light Armor Plating Weapon Makeshift Sword Energy Gun Particle Gun Energy Cannon Advanced Plasma Cannon Ballistic Gun Battle Rifle Ballistic Cannon Bore Cannon Launcher Mini Grenade Launcher Impact Weapon Shock Maul Slashing Weapon Makeshift Sword Build | -11 -10 -10 -9 -6 -5 -5 -5 -5 ------- Run | Yrd Mat Sub Scr Fac Fac Was Fac Ext Slots Evolved 10 | . . . . 8 2 . . . Power 1 | . . . . . 1 . . . Propulsion 4 | . . . . 3 1 . . . Utility 4 | . . . . 4 . . . . Weapon 1 | . . . . 1 . . . . Parts Attached 83 | 7 8 9 2 4 22 3 4 24 Power 13 | 1 1 1 1 . 4 . 1 4 Engine 10 | 1 1 1 1 . 2 . 1 3 Core 3 | . . . . . 2 . . 1 Reactor . | . . . . . . . . . Propulsion 22 | 2 2 2 . 1 6 . . 9 Treads 2 | 2 . . . . . . . . Leg 13 | . 2 2 . 1 2 . . 6 Wheel . | . . . . . . . . . Hover 7 | . . . . . 4 . . 3 Flight . | . . . . . . . . . Utility 25 | 2 2 2 1 2 6 3 1 6 Device 15 | 1 2 . . 2 5 1 1 3 Storage 2 | 1 . . 1 . . . . . Processor 4 | . . . . . 1 1 . 2 Hackware . | . . . . . . . . . Protection 4 | . . 2 . . . 1 . 1 Artifact . | . . . . . . . . . Weapon 23 | 2 3 4 . 1 6 . 2 5 Energy Gun 4 | . 2 1 . . . . . 1 Energy Cannon 1 | . . . . . 1 . . . Ballistic Gun 10 | 2 . . . 1 5 . . 2 Ballistic Cannon 2 | . 1 . . . . . . 1 Launcher 4 | . . 2 . . . . 1 1 Special Weapon . | . . . . . . . . . Impact Weapon 1 | . . . . . . . 1 . Slashing Weapon 1 | . . 1 . . . . . . Piercing Weapon . | . . . . . . . . . Special Melee Weapon . | . . . . . . . . . Unidentified Prototypes 4 | . . . . . . 2 2 . Parts Lost 50 | . . 6 . . 22 . 2 20 Power 9 | . . 1 . . 3 . . 5 Propulsion 11 | . . 1 . . 5 . . 5 Utility 15 | . . 3 . . 5 . 2 5 Weapon 15 | . . 1 . . 9 . . 5 Highest Loss Streak 9 | . . 3 . . 9 . 1 7 To Critical Strikes 2 | . . 1 . . . . . 1 Average Backups 10 | . 5 7 8 8 10 11 13 13 Power . | . . . . 1 1 1 2 1 Propulsion 1 | . 1 1 2 1 . . 1 . Utility 2 | . . 1 1 1 3 5 5 4 Weapon 5 | . 1 3 5 5 5 3 5 7 Tool/Special . | . . . . . . . . . Unused Backups 11 | . . . . . 1 . . 10 Power 2 | . . . . . . . . 2 Propulsion . | . . . . . . . . . Utility 4 | . . . . . 1 . . 3 Weapon 5 | . . . . . . . . 5 Tool/Special . | . . . . . . . . . Average Slot Usage (%) 78 | . 100 87 85 65 61 64 68 80 Engine 7 | . 14 10 14 6 4 . 4 4 Core 2 | . . . . . 1 11 6 4 Treads 1 | . 11 . . . . . . . Leg 10 | . 16 19 14 13 11 . . 7 Hover 10 | . . . . . 2 23 23 24 Device 9 | . 14 4 . 12 13 6 9 13 Storage 8 | . 14 13 14 6 5 5 5 5 Processor 2 | . . . . . . 5 5 4 Protection 6 | . . 10 14 6 4 4 4 3 Energy Gun 2 | . 15 9 . . . . . . Ballistic Gun 3 | . 10 . . 11 8 . . 2 Launcher 4 | . . 12 14 1 . . . . Impact Weapon 1 | . . . . . . . . 3 Slashing Weapon 4 | . . 4 14 6 3 5 4 . Peak Build Rating 86 | 7 14 33 33 58 66 69 70 86 Average Rating 47 | 6 10 21 29 57 56 54 60 72 On Entrance 34 | . 7 14 29 33 58 51 55 61 Naked Turns . | . . . . . . . . . Heaviest Build 89 | 15 17 36 54 72 79 56 75 89 Greatest Support 105 | 40 40 55 55 68 103 56 56 105 Greatest Overweight (x) 5 | . 1 . . 1 1 . 1 5 Average Overweight (x) . | . . . . . . . . . Largest Inventory Capacity 20 | 8 8 8 20 20 20 20 20 20 Average Capacity 16 | 7 8 8 19 20 20 20 20 20 Most Carried 20 | . 8 8 15 14 17 15 20 20 Average Carried 11 | . 5 7 9 10 12 14 16 17 Final Capacity 20 | 8 8 8 20 20 20 20 20 20 Final Carried 20 | . 8 8 15 10 9 15 20 12 Class Distribution -------------------- 56% | Mutant 18% | Scavenger-Mutant 14% | Derelict-Mutant 5% | Scavenger-Skirmisher Dominant Class ---------------- Mutant | -10/Materials Mutant | -10/Subcaves Mutant | -9/Scraptown Derelict-Mutant | -6/Factory Derelict-Mutant | -5/Factory Mutant | -5/Waste Mutant | -5/Factory Scavenger-Mutant | -5/Extension Resources | -11 -10 -10 -9 -6 -5 -5 -5 -5 ----------- Run | Yrd Mat Sub Scr Fac Fac Was Fac Ext Matter Collected 3325 | 378 195 325 100 . 730 229 178 1190 Remotely . | . . . . . . . . . Salvage Created 3905 | 214 294 197 . . 1237 . 146 1817 Parts 172 | 10 15 13 . . 66 . 4 64 Haulers Intercepted 1 | . . . . . . . . 1 Recyclers Shooed 7 | . 1 . . . 3 . . 3 Parts Field Recycled . | . . . . . . . . . Retrieved Matter . | . . . . . . . . . Parts Self-Destructed 9 | . . 9 . . . . . . Prevented . | . . . . . . . . . Kills | -11 -10 -10 -9 -6 -5 -5 -5 -5 ------- Run | Yrd Mat Sub Scr Fac Fac Was Fac Ext Combat Hostiles Destroyed 76 | . 7 9 . . 27 . 4 29 Melee 7 | . . . . . . . 2 5 Guns 33 | . 7 2 . . 14 . . 10 Cannons 5 | . . . . . 2 . . 3 AOE 27 | . . 7 . . 10 . 1 9 Classes Destroyed 18 | 3 2 2 . . 6 . . 5 Worker 5 | 2 . . . . 2 . . 1 Builder 7 | . . . . . 1 . 1 5 Tunneler 6 | 5 . . . . . . . 1 Hauler 1 | . . . . . . . . 1 Recycler 5 | 1 . . . . 1 . . 3 Operator 3 | . 1 . . . . . . 2 Drone 1 | . . . . . . . . 1 Watcher 1 | . . . . . 1 . . . Swarmer 19 | . . . . . 12 . 3 4 Saboteur 1 | . . . . . . . . 1 Grunt 30 | . 7 1 . . 8 . 1 13 Brawler 2 | . . . . . 1 . . 1 Duelist 1 | . . . . . . . . 1 Protector 1 | . . . . . . . . 1 Sentry 5 | . . 1 . . 2 . . 2 Hunter 5 | . . . . . 1 . . 4 Programmer 4 | . . . . . 3 . . 1 Subdweller 7 | . . 7 . . . . . . Savage 1 | . . . . . . . 1 . Guerrilla 1 | . . . . . . . . 1 Best Kill Streak 12 | 3 4 2 . . 12 . 3 6 Combat Bots Only 10 | . 4 2 . . 10 . 3 6 Max Kills in Single Turn 3 | 1 1 1 . . 3 . 2 3 Gunslinging . | . . . . . . . . . Exploded 3 | . . 1 . . 2 . 1 3 Melee 1 | . . . . . . . 1 1 Uniques/NPCs Destroyed . | . . . . . . . . . Combat | -11 -10 -10 -9 -6 -5 -5 -5 -5 -------- Run | Yrd Mat Sub Scr Fac Fac Was Fac Ext Hostile Shots Fired 548 | . 18 45 . . 263 . 21 201 Missed 175 | . 4 11 . . 82 . 8 70 Hits 373 | . 14 34 . . 181 . 13 131 Melee 2 | . . . . . . . . 2 Projectile 371 | . 14 34 . . 181 . 13 129 AOE 1 | . . . . . 1 . . . Critical Strikes 16 | . . 1 . . 8 . . 7 Part Disruptions 1 | . . . . . 1 . . . Damage Taken 7791 | . 167 769 . . 3615 36 333 2871 Core 1127 | . 11 89 . . 438 36 59 494 Absorbed by Shields . | . . . . . . . . . Redirected to Shielding 51 | . . . . . . . 51 . Regen/Repaired (Parts) 249 | . . . . . 23 34 . 192 Core Remaining (%) 86 | 100 . . 60 100 . . . . Volleys Fired 249 | 18 29 39 . . 82 . 3 78 Largest 3 | 2 2 2 . . 3 . 1 3 Hottest 193 | 40 130 130 . . 193 . 52 135 Shots Fired 470 | 36 58 55 . . 175 . 3 143 Gun 347 | 36 58 29 . . 131 . . 93 Cannon 46 | . . . . . 26 . . 20 Launcher 77 | . . 26 . . 18 . 3 30 Special . | . . . . . . . . . Kinetic 266 | 36 . . . . 121 . . 109 Thermal 127 | . 58 29 . . 36 . . 4 Explosive 77 | . . 26 . . 18 . 3 30 Electromagnetic . | . . . . . . . . . Robot Hit Streak 18 | 12 7 18 . . 10 . 1 7 Robot Miss Streak 7 | 7 2 1 . . 3 . 2 4 Penetration Max 1 | . . . . . 1 . . 1 Secondary Targets 2 | . 1 . . . . . . 1 Max Gunslinging Chain 1 | . 1 . . . . . . 1 Shots Hit Robots 299 | 22 36 34 . . 113 1 4 89 Core Hits 204 | 9 11 16 . . 76 1 7 84 Critical Kills 5 | . . . . . 2 . 1 2 Critical Parts Destroyed 10 | . . . . . . . . 10 Critical Strikes 20 | . 3 . . . 2 1 1 13 Burn 3 | . 3 . . . . . . . Meltdown 1 | . . . . . 1 . . . Destroy 9 | . . . . . 1 . . 8 Smash 6 | . . . . . . . 1 5 Sever 1 | . . . . . . 1 . . Melee Attacks 66 | . . 3 . . 5 1 15 42 Impact 51 | . . . . . . . 9 42 Slashing 15 | . . 3 . . 5 1 6 . Piercing . | . . . . . . . . . Sneak Attacks 8 | . . . . . . . . 8 Combat Hostiles . | . . . . . . . . . Follow-up Attacks . | . . . . . . . . . Damage Inflicted 13422 | 285 614 1042 . . 3446 38 541 7456 Guns 4213 | 285 614 102 . . 1767 . . 1445 Cannons 969 | . . . . . 682 . . 287 Explosions 6206 | . . 940 . . 987 . 412 3867 Melee 2024 | . . . . . . 38 129 1857 Ramming 10 | . . . . . 10 . . . Kinetic 3671 | 285 . . . . 1696 . . 1690 Thermal 1511 | . 614 102 . . 753 . . 42 Explosive 6206 | . . 940 . . 987 . 412 3867 Electromagnetic . | . . . . . . . . . Impact 1986 | . . . . . . . 129 1857 Slashing 38 | . . . . . . 38 . . Piercing . | . . . . . . . . . Highest Corruption 8 | . . . . . 7 7 7 8 Average Corruption 7 | . . . . . 5 7 7 7 Corruption Purged . | . . . . . . . . . Corruption Blocked . | . . . . . . . . . Effects 121 | . . . . . 25 5 17 74 Message Errors 30 | . . . . . 7 2 4 17 Matter Fused 27 | . . . . . 6 2 6 13 Heat Flow Errors 16 | . . . . . 3 1 1 11 Energy Discharges 20 | . . . . . 5 . 1 14 Parts Rejected 1 | . . . . . . . . 1 Parts Fused 4 | . . . . . 1 . 2 1 Data Loss (minor) 8 | . . . . . . . . 8 Data Loss (major) 9 | . . . . . 1 . 2 6 Misfires 1 | . . . . . 1 . . . Alerts 3 | . . . . . . . 1 2 Weapon Failures 2 | . . . . . 1 . . 1 Overload Shots . | . . . . . . . . . Overflow Damage 1086 | . . . . . 14 . 25 1047 Projectiles 94 | . . . . . . . . 94 Explosions 298 | . . . . . 14 . 8 276 Melee 694 | . . . . . . . 17 677 Knockbacks 16 | . . . . . . . . 16 Impact 10 | . . . . . . . . 10 Kinetic 3 | . . . . . . . . 3 Secondary 3 | . . . . . . . . 3 Self-Inflicted Damage 358 | . . 68 . . 83 . . 207 Shots 12 | . . 3 . . 3 . . 6 Rammed . | . . . . . . . . . Targets Rammed 2 | . . . . . 2 . . . Kicked 2 | . . . . . 2 . . . Crushed . | . . . . . . . . . Highest Temperature 393 | . 345 18 . . 269 251 106 393 Average Temperature 108 | . 115 8 . . 82 126 61 115 Received Heat Transfer 1689 | . 93 84 . . 798 . 30 684 Effects 5 | . . . . . 1 . . 4 Energy Bleed 1 | . . . . . 1 . . . Interference 2 | . . . . . . . . 2 Short Circuit 2 | . . . . . . . . 2 Siege Activations . | . . . . . . . . . Martial Activations . | . . . . . . . . . Shielding Activations . | . . . . . . . . . Robots Disrupted . | . . . . . . . . . Combat Hostiles . | . . . . . . . . . Robots Corrupted 8 | . . . . . . . 1 7 Combat Hostiles 3 | . . . . . . . 1 2 Parts Fried 9 | . . . . . . . . 9 Impact Corruptions 26 | . . . . . . . 1 25 Robots Melted 1 | . . . . . 1 . . . Combat Hostiles 1 | . . . . . 1 . . . Parts Melted 9 | . 3 1 . . 5 . . . Heat Transferred 3059 | . 1628 259 . . 1098 . . 74 Parts Sabotaged . | . . . . . . . . . Parts Stolen . | . . . . . . . . . Parts Stripped . | . . . . . . . . . Power Chain Reactions . | . . . . . . . . . Alert | -11 -10 -10 -9 -6 -5 -5 -5 -5 ------- Run | Yrd Mat Sub Scr Fac Fac Was Fac Ext Maximum Alert Level 3 | . . . . . 2 . 3 3 Low Security (%) 40 | 100 100 . . 100 59 100 11 . Level 1 19 | . . . . . 25 . 11 29 Level 2 24 | . . . . . 14 . 40 40 Level 3 15 | . . . . . . . 35 29 Level 4 . | . . . . . . . . . Level 5 . | . . . . . . . . . High Security . | . . . . . . . . . Max Security . | . . . . . . . . . Peak Influence 1074 | 10 84 . . 3 466 160 822 1074 Initial 402 | . . . . . . 160 33 402 Average 324 | 1 27 . . . 148 110 516 552 Influence Increases 4177 | 40 213 40 . 3 938 28 1237 1678 Destroy 0b10 Robot/C 2080 | . 140 40 . . 540 . 460 900 Destroy 0b10 Robot/NC 185 | 40 5 . . . 25 . 35 80 Destroy Leader 298 | . 30 . . . 92 . 52 124 Allied During Kill 486 | . . . . . . . 362 124 Successful Hack 93 | . 22 . . 3 5 . 31 32 Disable Machine 150 | . 15 . . . 15 . 90 30 Destroy Structure 735 | . 1 . . . 186 28 162 358 Partial Spotted 15 | . . . . . . . . 15 Lose Combat Pursuer 135 | . . . . . 75 . 45 15 Influence Decreases 3105 | 40 146 107 . 3 480 438 463 1428 Entered New Map 766 | . . 33 . . . 298 15 420 Time Decay 1525 | 40 146 50 . 3 280 100 278 628 Lost Part 444 | . . 24 . . 200 . 20 200 Lost Ally 370 | . . . . . . 40 150 180 Squads Dispatched 30 | . 1 . . . 7 . 10 12 Investigation 10 | . . . . . 3 . 2 5 Extermination 2 | . . . . . 2 . . . Reinforcement 10 | . 1 . . . 1 . 3 5 Assault 5 | . . . . . 1 . 2 2 Garrison 3 | . . . . . . . 3 . Intercept . | . . . . . . . . . Searches Triggered . | . . . . . . . . . Construction Impeded 6 | . . . . . 1 . 1 4 Haulers Reinforced 2 | . . . . . . . 2 . Active Scanning Responses . | . . . . . . . . . Cargo Convoy Interrupts . | . . . . . . . . . Stealth | -11 -10 -10 -9 -6 -5 -5 -5 -5 --------- Run | Yrd Mat Sub Scr Fac Fac Was Fac Ext Distress Signals 7 | . . . . . . . 1 6 Communications Jammed . | . . . . . . . . . Distress Signals . | . . . . . . . . . Times Spotted 143 | . 12 9 . . 42 1 22 57 Peak Tracking Total 9 | . 4 2 . . 9 1 4 8 Tactical Retreats 6 | . . . . . 3 . 2 1 Traps | -11 -10 -10 -9 -6 -5 -5 -5 -5 ------- Run | Yrd Mat Sub Scr Fac Fac Was Fac Ext Traps Triggered 1 | . . . . . 1 . . . Indirectly . | . . . . . . . . . Trap Hack Attempts . | . . . . . . . . . Triggered . | . . . . . . . . . Disarmed . | . . . . . . . . . Reprogrammed . | . . . . . . . . . Reused . | . . . . . . . . . Traps Extracted . | . . . . . . . . . Installed . | . . . . . . . . . Triggered . | . . . . . . . . . Machines | -11 -10 -10 -9 -6 -5 -5 -5 -5 ---------- Run | Yrd Mat Sub Scr Fac Fac Was Fac Ext Machines Disabled 15 | . 1 2 . . 1 . 6 5 Max in Single Turn 1 | . 1 1 . . 1 . . 1 Machines Repaired . | . . . . . . . . . Machines Dismantled . | . . . . . . . . . Machines Sabotaged . | . . . . . . . . . Overloaded Fab Kills . | . . . . . . . . . Hacking | -11 -10 -10 -9 -6 -5 -5 -5 -5 --------- Run | Yrd Mat Sub Scr Fac Fac Was Fac Ext Machines Accessed 30 | . 3 2 3 2 5 . 5 10 Terminals 18 | . 3 . . . 2 . 4 9 Fabricators 2 | . . . . 1 1 . . . Repair Stations 2 | . . . . . . . 1 1 Recycling Units 1 | . . . . 1 . . . . Scanalyzers 1 | . . . . . 1 . . . Garrison Access 1 | . . . . . 1 . . . Total Hacks 113 | . 12 13 24 2 13 . 11 38 Successful 68 | . 7 13 24 1 4 . 4 15 Failed 45 | . 5 . . 1 9 . 7 23 Catastrophic 8 | . . . . 1 . . 2 5 Database Lockouts . | . . . . . . . . . Manual 30 | . 8 . . 1 2 . 5 14 Terminals 57 | . 12 . . . 6 . 9 30 Fabricators 4 | . . . . 1 3 . . . Repair Stations 10 | . . . . . . . 2 8 Recycling Units 1 | . . . . 1 . . . . Scanalyzers 3 | . . . . . 3 . . . Garrison Access 1 | . . . . . 1 . . . Terminal Hacks 53 | . 5 13 24 . 1 . 3 7 Record 34 | . . 12 20 . . . 1 1 Robot Analysis 6 | . 2 . 4 . . . . . Prototype ID Bank 1 | . 1 . . . . . . . Open Door 4 | . . . . . . . 1 3 Open DSF 2 | . . . . . 1 . 1 . Patrol Status 1 | . 1 . . . . . . . Investigation Status 1 | . 1 . . . . . . . Recall Investigation 1 | . . . . . . . . 1 Zone Layout 2 | . . . . . . . . 2 Proto ID Catalog 1 | . . 1 . . . . . . Fabricator Hacks 1 | . . . . . 1 . . . Network Status 1 | . . . . . 1 . . . Repair Station Hacks 8 | . . . . . . . 1 7 Scan Component 5 | . . . . . . . 1 4 Repair 3 | . . . . . . . . 3 Recycling Unit Hacks . | . . . . . . . . . Scanalyzer 2 | . . . . . 2 . . . Insert Component 1 | . . . . . 1 . . . Analyze 1 | . . . . . 1 . . . Garrison Access Hacks . | . . . . . . . . . Unauthorized Hacks 4 | . 2 . . 1 . . . 1 Terminals 3 | . 2 . . . . . . 1 Assimilate 1 | . . . . . . . . 1 Botnet 2 | . 2 . . . . . . . Fabricators . | . . . . . . . . . Repair Stations . | . . . . . . . . . Recycling Units 1 | . . . . 1 . . . . Reject 1 | . . . . 1 . . . . Scanalyzers . | . . . . . . . . . Garrison Access . | . . . . . . . . . Data Cores Recovered . | . . . . . . . . . Used . | . . . . . . . . . Hacking Detections 19 | . 2 . . 1 4 . 4 8 Full Trace Events 11 | . 1 . . . 3 . 2 5 Feedback Events 1 | . . . . . . . . 1 Corruption 1 | . . . . . . . . 1 Feedback Blocked . | . . . . . . . . . Robot Schematics Acquired . | . . . . . . . . . Robots Built . | . . . . . . . . . Authchips . | . . . . . . . . . Time . | . . . . . . . . . Total Robot Build Rating . | . . . . . . . . . Part Schematics Acquired 1 | . . . . . 1 . . . Parts Built . | . . . . . . . . . Authchips . | . . . . . . . . . Time . | . . . . . . . . . Total Part Build Rating . | . . . . . . . . . Parts Repaired 3 | . . . . . . . . 3 Time 248 | . . . . . . . . 248 Parts Recycled . | . . . . . . . . . Recycled Matter . | . . . . . . . . . Retrieved Matter . | . . . . . . . . . Retrieved Components . | . . . . . . . . . Parts Scanalyzed 1 | . . . . . 1 . . . Part Schematics Acquired 1 | . . . . . 1 . . . Parts Damaged . | . . . . . . . . . Bothacking | -11 -10 -10 -9 -6 -5 -5 -5 -5 ------------ Run | Yrd Mat Sub Scr Fac Fac Was Fac Ext Used RIF Installer . | . . . . . . . . . Robots Hacked . | . . . . . . . . . Non-combat . | . . . . . . . . . Combat . | . . . . . . . . . Robot Hacks Applied . | . . . . . . . . . Relay Couplers Released . | . . . . . . . . . Fabnet Peak Effective % . | . . . . . . . . . Robots Rewired 8 | . . . . . . . . 8 Allies Hacked . | . . . . . . . . . Hacks Repelled . | . . . . . . . . . Allies | -11 -10 -10 -9 -6 -5 -5 -5 -5 -------- Run | Yrd Mat Sub Scr Fac Fac Was Fac Ext Total Allies 32 | . . . . . . 20 . 12 Largest Group 20 | . . . . . . 20 14 5 Highest-Rated Group 771 | . . . . . . 771 601 166 Highest-Rated Ally 50 | . . . . . . 50 50 39 Total Orders 6 | . . . . . . . . 6 STAY 1 | . . . . . . . . 1 FOLLOW 2 | . . . . . . . . 2 EXPLORE 3 | . . . . . . . . 3 Ally Attacks 318 | . . . . . . 30 99 189 Total Damage 8807 | . . . . . . 1440 4180 3187 Kills 55 | . . . . . . 5 29 21 Allies Corrupted 1 | . . . . . . . . 1 Allies Melted . | . . . . . . . . . Intel | -11 -10 -10 -9 -6 -5 -5 -5 -5 ------- Run | Yrd Mat Sub Scr Fac Fac Was Fac Ext Active Infowar (turns) 4698 | 168 459 273 . . 992 202 603 2001 Optics 577 | . . . . . . . . 577 Sensors 3672 | . . . . . 992 202 603 1875 Seismic 900 | 168 459 273 . . . . . . Robot Analysis Total 6 | . 2 . 4 . . . . . Derelict Logs Recovered 2 | . . 2 . . . . . . Drone Launches 3 | . . . . . . . . 3 Drone Recoveries 2 | . . . . . . . . 2 Exploration | -11 -10 -10 -9 -6 -5 -5 -5 -5 ------------- Run | Yrd Mat Sub Scr Fac Fac Was Fac Ext Turns Passed 7579 | 251 632 1003 1232 249 1240 202 605 2165 Spaces Moved 4702 | 120 353 699 941 128 642 220 438 1161 Core 4 | 4 . . . . . . . . Treads 276 | 116 160 . . . . . . . Legs 2739 | . 193 699 941 128 485 . . 293 Wheels . | . . . . . . . . . Hover 1683 | . . . . . 157 220 438 868 Flight . | . . . . . . . . . Fastest Speed 50 | 50 120 120 130 125 71 71 71 56 Average Speed 124 | 156 138 125 130 192 138 71 123 109 Slowest Speed 470 | 160 190 130 130 195 200 71 141 470 Overloaded Moves . | . . . . . . . . . Propulsion Burnouts . | . . . . . . . . . Robots Hopped . | . . . . . . . . . Potential Cave-ins . | . . . . . . . . . Cave-ins Triggered . | . . . . . . . . . Exploration Rate (%) 42 | 6 52 44 69 3 18 93 18 75 Regions Visited 8 Branch Regions 3 Pre-discovered Areas 1 | . . 1 . . . . . . Known Exits Taken 1 | . . . . . . . 1 . Unknown Exits Taken 5 | 1 1 1 1 1 . . . . Scrap Searched 11 | . . 7 4 . . . . . Spaces Dug 47 | . . 26 . . 5 . 10 6 Terrain Destroyed 641 | . . 109 . . 113 . 17 402 Melee 21 | . . . . . 5 . 10 6 Projectile 33 | . . . . . 7 . . 26 AOE 586 | . . 109 . . 101 . 7 369 Terrain Rammed . | . . . . . . . . . Walls Destroyed . | . . . . . . . . . Machines Disabled . | . . . . . . . . . Actions | -11 -10 -10 -9 -6 -5 -5 -5 -5 --------- Run | Yrd Mat Sub Scr Fac Fac Was Fac Ext Total 5848 | 144 439 769 951 131 829 265 474 1846 Wait 543 | . 30 6 2 . 48 33 5 419 Move 4695 | 119 352 698 940 127 642 219 437 1161 Hop . | . . . . . . . . . Pick Up 51 | . 8 6 5 . 16 4 5 7 Fast Attach 44 | 7 6 2 . . 7 2 2 18 Attach 44 | . . 6 . 3 17 2 2 14 Detach 24 | . 3 2 . . 2 4 2 11 Swap 22 | . 4 4 2 1 7 . 2 2 Drop 24 | . 7 3 2 . 1 . 1 10 Fire 249 | 18 29 39 . . 82 . 3 78 Melee 66 | . . 3 . . 5 1 15 42 Ram . | . . . . . . . . . Kick 2 | . . . . . 2 . . . Crush . | . . . . . . . . . Escape Stasis . | . . . . . . . . . Rewire 84 | . . . . . . . . 84 Trap . | . . . . . . . . . Miscellaneous . | . . . . . . . . . Route ------- -11/Scrapyard -10/Materials (discovered 3 exits: [*Mat x2] / *Sub) -10/Subcaves (discovered 2 exits: Rec / *Scr) -9/Scraptown -6/Factory -5/Factory -5/Waste -5/Factory -5/Extension History --------- Turn | Location | Event 11 | -11/Scrapyard | Discovered new exit (range 14) 252 | -11/Scrapyard | Entered Materials 310 | -10/Materials | Build established: Mutant 669 | -10/Materials | Discovered new exit (range 15) 870 | -10/Materials | Discovered new exit (range 11) 872 | -10/Materials | Discovered new exit (range 11) 884 | -10/Materials | Entered Subcaves 885 | -10/Subcaves | Ambushed by Subdwellers from Twisted Machinery 885 | -10/Subcaves | Approached by a straggling Scientist 966 | -10/Subcaves | Lost 3 parts (1n1u1w) 993 | -10/Subcaves | Learned location of Zion (-6) 993 | -10/Subcaves | Met a Zionite searching for "candidates" 1034 | -10/Subcaves | Visited Clippyterm 1038 | -10/Subcaves | Learned Research machine intel 1051 | -10/Subcaves | A swath of the cavern ceiling suddenly collapsed 1090 | -10/Subcaves | Learned Materials terminal intel 1134 | -10/Subcaves | Shifting Twisted Machinery released Mak. Light Armor Plating 1158 | -10/Subcaves | Identified exit to Recycling 1311 | -10/Subcaves | Visited 4L-MR0's lab 1360 | -10/Subcaves | Found Cargo Legs 1361 | -10/Subcaves | Attached Cargo Legs, gained temporary slots: Utility x2 1535 | -10/Subcaves | Shifting Twisted Machinery released Sub. Beam Cannon 1572 | -10/Subcaves | Disturbed a concealed Subdweller 1579 | -10/Subcaves | Disturbed a concealed Subdweller 1598 | -10/Subcaves | Shifting Twisted Machinery released Sub. Monowheel 1875 | -10/Subcaves | Scientist uncovered a shortcut to Scraptown 1887 | -10/Subcaves | Entered Scraptown 2195 | -9/Scraptown | Visited Cyclists 2250 | -9/Scraptown | Visited Fellowship of the Rings 2268 | -9/Scraptown | Visited Spacefarers 2348 | -9/Scraptown | Visited Junk Repository 2406 | -9/Scraptown | Visited UFD Registry 2406 | -9/Scraptown | Registered with UFD as "Pipetube" 2458 | -9/Scraptown | Entered Cyclist Reading Room 2564 | -9/Scraptown | Visited Curators Association 2663 | -9/Scraptown | Visited Junk Repository 2745 | -9/Scraptown | Visited LU-1G1's Boring Crew 2771 | -9/Scraptown | Visited Scrapoid Pod Storage 2777 | -9/Scraptown | Found Scrapoid Pod 2806 | -9/Scraptown | Visited Derelict Rescue Squad 2820 | -9/Scraptown | Found DRS Beacon 2834 | -9/Scraptown | Found DRS Beacon 2900 | -9/Scraptown | Visited Analyses Database 2937 | -9/Scraptown | Visited DA-N13 Charitable Foundation 2945 | -9/Scraptown | Found DCF Scrap (30 items) 3000 | -9/Scraptown | Visited Chapter 10 3060 | -9/Scraptown | Found Scrap Suit 3113 | -9/Scraptown | Discovered new exit (range 5) 3119 | -9/Scraptown | Entered Factory 3119 | -6/Factory | Evolved 8 slots: Propulsion x3, Utility x4, Weapon x1 3250 | -6/Factory | Build established: Derelict-Mutant 3273 | -6/Factory | Discovered new exit (range 6) 3368 | -6/Factory | Entered another Factory area 3368 | -5/Factory | Evolved 2 slots: Power x1, Propulsion x1 3799 | -5/Factory | Lost 4 parts (1n1u2w) 4137 | -5/Factory | Lost 3 parts (1p1n1w) 4341 | -5/Factory | Lost 3 parts (1u2w) 4466 | -5/Factory | Destroyed 10 combat bots 4473 | -5/Factory | Lost 9 parts (2p1n2u4w) 4568 | -5/Factory | First assault squad dispatched 4608 | -5/Factory | Manually triggered Chute Trap 4608 | -5/Factory | Sucked down chute 4608 | -5/Factory | Entered Waste 4609 | -5/Waste | Joined by Warlord forces that had cleared the area 4635 | -5/Waste | Found Fusion Bomb Launcher 4649 | -5/Waste | Found Prototype Processor 4649 | -5/Waste | Identified Exp. Terrain Scan Processor 4713 | -5/Waste | Build established: Mutant 4718 | -5/Waste | A Compactor rumbled back to life 4718 | -5/Waste | Spotted C-40 Crusher 4736 | -5/Waste | Allies destroyed C-40 Crusher 4749 | -5/Waste | Discovered new exit (range 11) 4763 | -5/Waste | Lost 6 allies 4785 | -5/Waste | Identified exit to Factory 4810 | -5/Waste | Entered Factory 4810 | -5/Factory | Accompanied by 14 allies 4867 | -5/Factory | Lost 4 allies 4988 | -5/Factory | Lost 3 allies 5110 | -5/Factory | First assault squad dispatched 5141 | -5/Factory | Noticed a derelict Sapper rigging charges 5161 | -5/Factory | Garrison activated, responded to threat 5295 | -5/Factory | Lost 5 allies 5334 | -5/Factory | Core integrity fell below 50% 5412 | -5/Factory | Discovered new exit (range 6) 5414 | -5/Factory | Identified exit to Extension 5415 | -5/Factory | Entered Extension 5971 | -5/Extension | Repaired Broken Imp. Linear Gravjet 6098 | -5/Extension | Repaired Broken Stealth Drone Bay 6157 | -5/Extension | Build established: Scavenger-Mutant 6185 | -5/Extension | Rescued a captive Derelict 6451 | -5/Extension | Repaired Imp. Sensor Array 6786 | -5/Extension | Spotted B-75 Beast 6790 | -5/Extension | Disrupted transfer network 6803 | -5/Extension | Core integrity fell below 20% 6805 | -5/Extension | Spotted B-75 Beast 6807 | -5/Extension | Allies destroyed B-75 Beast 6816 | -5/Extension | Allies destroyed B-75 Beast 6915 | -5/Extension | First assault squad dispatched 7193 | -5/Extension | Rescued a captive Derelict 7199 | -5/Extension | Rescued a captive Derelict 7200 | -5/Extension | Rescued a captive Derelict 7424 | -5/Extension | Build established: Scavenger-Skirmisher 7542 | -5/Extension | Lost 7 parts (4n3w) 7580 | -5/Extension | Destroyed by L-41 Fighter with Axe Last Messages --------------- 07564_ Adv. Sensor Array destroyed. 07564_ Destroyed Adv. Sensor Array. 07565_ Carbon-fiber Leg destroyed. 07566_ I-47 Archangel destroyed. 07567_ The unstable cave ceiling collapses. 07567_ Penetrated by Slug. 07568_ G-67 Veteran destroyed. 07568_ Destroyed Carbon-fiber Leg. 07569_ Fission Core destroyed. 07570_ The unstable cave ceiling collapses. 07570_ G-50 Soldier destroyed. 07570_ Imp. Component Analysis Suite destroyed. 07570_ Destroyed Imp. Component Analysis Suite. 07570_ Lgt. Angular Momentum Engine destroyed. 07570_ Destroyed Lgt. Angular Momentum Engine. 07570_ Smartbomb Launcher destroyed. 07570_ Destroyed Smartbomb Launcher. 07572_ The unstable cave ceiling collapses. 07577_ System corrupted: Matter fused (-10). 07580_ The unstable cave ceiling collapses. Map ----- +----------------------------------------------------+ | | | | | | | | | | | | | | | | | | | | | | | | | | | | | | | | | ?????????????????????????????????????????????????? | | ?????????????????????#???????????????????????????? | | ????????????????????# ?????######?###????????????? | | ????#???????????????# ????? # # ###????????? | | ???????????????# ???## # # ####?????? | | ??????????????# ???? #?????? | | ???# ###########;###? #?????? | | ????????# ### * =% % #?????? | | ????????# u l g % gY g #?????? | | ????????# @ #?????? | | ????????############# # g##?????? | | ??????????????????# % # #### #??????? | | ??????????????????# #???????????? | | ??????????????????# # ###???????????? | | ?????????????????### %[ ## ##?????????????? | | ?????????????????# # %= ##? ##??????????????? | | ?????????????????# %[ "???##???????????????? | | #????????????????## #% "????????????????????? | | ################## *[ T#????????????????????? | | * ###????????????????????? | | ###########################??????????????????????? | | ?????????????????????????????????????????????????? | | ?????????????????????????????????????????????????? | | ?????????????????????????????????????????????????? | | ?????????????????????????????????????????????????? | | ?????????????????????????????????????????????????? | | ?????????????????????????????????????????????????? | | ?????????????????????????????????????????????????? | | ?????????????????????????????????????????????????? | | ?????????????????????????????????????????????????? | | ?????????????????????????????????????????????????? | | ?????????????????????????????????????????????????? | | ?????????????????????????????????????????????????? | | ?????????????????????????????????????????????????? | +----------------------------------------------------+ Best States ------------- Heat Dissipation 85 Energy Generation 31 Energy Capacity 500 Matter Stores 300 Matter Capacity 300 Sight Range 22 Robot Scan Range 16 Terrain Scan Density 10 Armor Coverage 900 Propulsion Shielding 66 Evasion (%) 55 Target Analysis 6 Recoil Reduction 2 Item Schematics ----------------- Mni. Grenade Launcher | -5/Factory | Scanalyzed Robot Schematics ------------------ None Fabricated ------------ Nothing Repaired ---------- Imp. Linear Gravjet | 10% | -5/Extension | Broken Stealth Drone Bay | 52% | -5/Extension | Broken Imp. Sensor Array | 9% | -5/Extension Alien Tech Used ----------------- None Achievements -------------- None Challenges ------------ None Game ------ Seed CompositeMissileDeflector Manual? 0 Play Time 01:31:06 Cumulative 81.9 hours Start 2025.07.05 @ 20:58:46 End 2025.07.06 @ 21:15:17 Sessions 2 Manual Loads 0 Difficulty Rogue Special Mode None Game No. 109 Rogue 109 Adventurer 0 Explorer 0 Win Type - Total 1 Types 1/0/0/0/0/0/0/0/0/0 Lore% 43 Gallery% 43 Achievement% 41 Wizard Run 0 Options --------- Layout 2 ASCII 0 Keyboard 1 Movement Numpad Keybinds 0 Fullscreen 1 Font 32/Tamsyn Map View 50x44 Zoom Use 0% Tactical HUD 1 Map Filters NONE Filters NONE Steam 1 RUN: 28307082-31fe-4ab7-94f3-007d334b3a42